 Dungeon Crawl Stone Soup version 0.19-a0-1218-gcd7aee6 (webtiles) character file.

2050 MackTheKnife the Martial Artist (level 9, -2/82 HPs)
             Began as a Naga Monk on Aug 24, 2016.
             Was a Priest of Cheibriados.
             Slain by a phantom (8 damage)
             ... on level 6 of the Dungeon.
             The game lasted 00:11:57 (5624 turns).

MackTheKnife the Martial Artist (Naga Monk)         Turns: 5624, Time: 00:11:57

Health: -2/82      AC:  6    Str: 22    XL:     9   Next: 25%
Magic:  9/9        EV: 12    Int: 18    God:    Cheibriados [***...]
Gold:   176        SH:  0    Dex: 25    Spells: 0 memorised, 8 levels left

rFire  . . .     SeeInvis +       - Unarmed
rCold  . . .     Gourm    .     m - +0 ring mail
rNeg   . . .     Faith    .     (no shield)
rPois  +         Spirit   .     (no helmet)
rElec  .         Dismiss  .     (no cloak)
rCorr  .         Reflect  .     j - +0 pair of gloves
MR     +....     Harm     .     (no barding)
Stlth  ++........               (no amulet)
                                (no ring)
                                s - +3 ring of dexterity

@: very slow
A: repulsion field 1, see invisible, deformed body, poison resistance, slowness
2, slow metabolism 1, spit poison 2, AC +3
a: Spit Poison, Bend Time, Temporal Distortion, Renounce Religion


You were on level 6 of the Dungeon.
You worshipped Cheibriados.
Cheibriados was most pleased with you.
You were very hungry.

You visited 2 branches of the dungeon, and saw 7 of its levels.

You collected 176 gold pieces.

Inventory:

Hand Weapons
 d - a +0 flail of distortion {!w}
   (You took it off an orc on level 6 of the Dungeon)
Armour
 j - a +0 pair of gloves (worn)
   (You found it on level 2 of the Dungeon)
 m - a +0 ring mail (worn)
   (You took it off an orc on level 3 of the Dungeon)
Jewellery
 s - a +3 ring of dexterity (left hand)
   (You found it on level 5 of the Dungeon)
Scrolls
 e - 3 scrolls of identify
 f - 4 scrolls of remove curse
 o - a scroll of teleportation
 p - a scroll of magic mapping {!r}
Potions
 a - 2 potions of heal wounds
 h - a potion of flight
 n - 3 potions of curing
Comestibles
 b - 8 bread rations {@e1}
 q - 3 meat rations {@e2}
 r - 3 fruits


   Skills:
 + Level 5.7 Fighting
 - Level 2.4 Dodging
 - Level 3.0 Stealth
 + Level 11.1 Unarmed Combat


You had 8 spell levels left.
You didn't know any spells.

Dungeon Overview and Level Annotations

Branches:
Dungeon (6/15)             Temple (1/1) D:5

Altars:
Ashenzari
Cheibriados
Dithmenos
Elyvilon
Fedhas
Gozag
Hepliaklqana
Kikubaaqudgha
Makhleb
Qazlal
Ru
Sif Muna
Trog
Uskayaw
Vehumet
Xom
Yredelemnul
Zin
The Shining One

Annotations:
D:1 exclusion: fungus
D:4 exclusion: 6 doors


Innate Abilities, Weirdness & Mutations

You cannot wear boots.
Your serpentine skin is tough. (AC +3)
You have supernaturally acute eyesight. (SInv)
Armour fits poorly on your strangely shaped body.
Your system is resistant to poisons. (rPois)
You cover ground very slowly.
You have a slow metabolism.
You can spit poison.
You are surrounded by a mild repulsion field. (EV +2)


Message History

There is an open door here.
Health restored: 81 A giant cockroach is nearby!
A giant cockroach is nearby!
Okay, then.
Unknown command.
The helpless giant cockroach fails to defend itself.
You punch the giant cockroach!
You kill the giant cockroach!
Cheibriados thoroughly appreciates the change of pace.
No target in view!
Found a stone staircase leading down.
You open the door.
A ball python, a centaur and a phantom come into view.
The ball python hisses angrily.
The phantom blinks!
There is an open door here.
There are monsters nearby!
There are monsters nearby!
There are monsters nearby!
You closely miss the ball python. The ball python closely misses you.
You barely miss the phantom. The phantom hits you.
The phantom blinks!
The ball python bites you but does no damage.
You take 4 damage, and have 77/81 hp.
You closely miss the ball python. You punch the ball python!
You kill the ball python!
Cheibriados thoroughly appreciates the change of pace.
No target in view!
No target in view!
The centaur shouts!
The centaur wields a shortbow.
The centaur shoots an arrow.
The arrow closely misses you.
The phantom blinks!
The centaur shoots an arrow.
The arrow hits you.
The centaur shoots an arrow.
The arrow misses you.
Things that are here:
2 arrows; a ball python corpse The centaur shoots an arrow.
The arrow hits you. The phantom hits you.
The centaur shoots an arrow.
The arrow hits you! The phantom barely misses you.
You see here 2 arrows.
You hit the phantom.
The phantom hits you but does no damage.
You punch the phantom!
The centaur shoots an arrow.
The arrow hits you.
The phantom blinks!
The phantom barely misses you.
The phantom blinks!
You take 21 damage, and have 56/81 hp.
MASSIVE DAMAGE!!
The centaur shoots an arrow.
The arrow hits you but does no damage.
The centaur shoots an arrow.
The arrow hits you but does no damage.
The centaur shoots an arrow.
The arrow completely misses you.
Things that are here:
3 arrows; a ball python corpse The centaur shoots an arrow.
The arrow hits you! The phantom hits you.
The phantom blinks!
The centaur shoots an arrow.
The arrow hits you but does no damage.
The centaur shoots an arrow.
The arrow closely misses you.
You see here 2 arrows.
You take 17 damage, and have 39/81 hp.
MASSIVE DAMAGE!!
The centaur unwields an uncursed shortbow.
The centaur hits you but does no damage.
The centaur closely misses you. x2
The phantom hits you but does no damage.
Unknown command.
You hit the centaur. The centaur hits you.
You take 6 damage, and have 33/81 hp.
You completely miss the centaur. The centaur barely misses you.
The phantom hits you. The centaur barely misses you.
You take 3 damage, and have 30/81 hp.
You completely miss the centaur. The phantom hits you!
* * * LOW HITPOINT WARNING * * *
The centaur hits you.
* * * LOW HITPOINT WARNING * * *
You take 13 damage, and have 17/81 hp.
You hit the centaur. The centaur hits you.
* * * LOW HITPOINT WARNING * * *
The phantom closely misses you.
You take 2 damage, and have 15/81 hp.
You hit the centaur.
The centaur hits you but does no damage.
The phantom barely misses you.
You closely miss the centaur. You punch the centaur!
The centaur barely misses you.
Unknown command.
You punch the centaur!
You kill the centaur!
Cheibriados thoroughly appreciates the change of pace.
The phantom hits you.
* * * LOW HITPOINT WARNING * * *
The phantom blinks!
The phantom closely misses you.
You punch the phantom! You hit the phantom but do no damage.
The phantom hits you.
* * * LOW HITPOINT WARNING * * *
You take 5 damage, and have 11/82 hp.
You barely miss the phantom. The phantom closely misses you.
You barely miss the phantom. You punch the phantom! The phantom hits you.
* * * LOW HITPOINT WARNING * * *
You take 5 damage, and have 6/82 hp.
You hit the phantom. The phantom hits you!
You die...

#.......#.#.# ### #.
#.......#.#.# ..
#.......#.#.# .# #.
#########..#.#.###.# ..
#......##.(........#.#
#......##'##.#.#.....# #
#.......(....#.##.#### #
#......((....#.##'## #
#......@W....#.#...#
#....).......#.#...#####
#......##+##.#.+...'....
#....... #.###...#####
#......# .# #........
#...#### #........ #...
#........ #... #........
##+#.....


You could see a phantom.

Vanquished Creatures
  The ghost of KuKumber the Stinger, a novice DsVM (D:5)
  A wyvern (D:5)
  Eustachio (D:5)
  A water moccasin (D:6)
  2 ice beasts (D:5)
  A sky beast (D:4)
  A phantom (D:4)
  An ogre (D:6)
  4 centaurs
  A giant frog (D:6)
  A scorpion (D:6)
  A howler monkey (D:5)
  A centaur skeleton (D:6)
  2 worker ants
  An iguana (D:5)
  3 orc wizards
  6 adders
  A shadow imp (D:6)
  An ooze (D:2)
  4 worms
  3 dart slugs
  5 giant geckos
  13 orcs
  5 giant cockroaches
  11 goblins
  12 hobgoblins
  18 jackals
  A quokka (D:2)
  5 ball pythons
  6 bats
  A giant cockroach zombie (D:6)
  4 giant newts
  6 kobolds
  7 rats
132 creatures vanquished.

Vanquished Creatures (others)
  An orc (D:5)
  A fungus (D:1)
2 creatures vanquished.

Grand Total: 134 creatures vanquished

Notes
Turn   | Place    | Note
-------+----------+-------------------------------------------
     0 | D:1      | MackTheKnife the Naga Monk began the quest for the Orb.
     0 | D:1      | Reached XP level 1. HP: 21/21 MP: 1/1
   101 | D:1      | Reached XP level 2. HP: 23/28 MP: 2/2
   691 | D:1      | Reached skill level 4 in Unarmed Combat
   833 | D:1      | Reached XP level 3. HP: 34/34 MP: 3/3
  1483 | D:2      | Reached XP level 4. HP: 39/42 MP: 4/4
  1551 | D:2      | Reached skill level 5 in Unarmed Combat
  2106 | D:3      | Reached XP level 5. HP: 41/49 MP: 5/5
  2125 | D:3      | Noticed a centaur
  2133 | D:3      | Killed a centaur
  2133 | D:3      | Reached skill level 6 in Unarmed Combat
  2700 | D:3      | Reached XP level 6. HP: 42/56 MP: 6/6
  3158 | D:4      | Noticed a phantom
  3197 | D:4      | Killed a phantom
  3197 | D:4      | Reached skill level 7 in Unarmed Combat
  3693 | D:5      | Entered Level 5 of the Dungeon
  3695 | D:5      | Noticed KuKumber's ghost (novice DsVM)
  3819 | D:5      | Noticed Eustachio
  3829 | D:5      | Gained mutation: You are surrounded by a mild repulsion field. (EV +2) [potion of beneficial mutation]
  3858 | D:5      | Killed KuKumber's ghost
  3858 | D:5      | Reached skill level 9 in Unarmed Combat
  3858 | D:5      | Reached XP level 7. HP: 45/62 MP: 7/7
  4134 | D:4      | Reached XP level 8. HP: 46/69 MP: 8/8
  4253 | D:5      | Killed Eustachio
  4258 | D:5      | Found a staircase to the Ecumenical Temple.
  4271 | Temple   | Entered the Ecumenical Temple
  4299 | Temple   | Became a worshipper of Cheibriados the Contemplative
  4299 | Temple   | Reached * piety under Cheibriados
  4299 | Temple   | Reached ** piety under Cheibriados
  4343 | D:5      | Reached skill level 10 in Unarmed Combat
  4797 | D:5      | Noticed a wyvern
  4805 | D:5      | Killed a wyvern
  4805 | D:5      | Reached skill level 4 in Fighting
  5184 | D:6      | Reached XP level 9. HP: 72/80 MP: 9/9
  5199 | D:6      | Reached skill level 5 in Fighting
  5301 | D:6      | Reached *** piety under Cheibriados
  5402 | D:6      | Found a bloodstained altar of Trog.
  5437 | D:6      | Reached skill level 11 in Unarmed Combat
  5613 | D:6      | HP: 17/81 [centaur (5)]
  5621 | D:6      | HP: 11/82 [phantom (5)]
  5624 | D:6      | Slain by a phantom

Vault maps used:
D:1:      sevenhm_arrival_forest_fort_small_3, corexii_item_surrounded_by_moat,
          minmay_gold_behind_fungi
D:4:      kennysheep_generic_room_3
D:5:      first_bread, kennysheep_another_room, uniq_eustachio
D:6:      trog_hazing_becter
Temple:   grunt_wide_crystal_templ

Skill      XL: |  1  2  3  4  5  6  7  8  9 |
---------------+----------------------------+-----
Unarmed Combat | 4 5 6 9 10 11 | 11.1
Fighting       | 4 5 |  5.7
Dodging        | |  2.4
Stealth        | |  3.0

Action                   |  1- 3 |  4- 6 |  7- 9 || total
-------------------------+-------+-------+-------++-------
Melee: Unarmed           |   108 |   212 |   172 ||   492
       Punch             |     2 |     2 |    13 ||    17
 Abil: Spit Poison       |     2 |    11 |    10 ||    23
  Use: Scroll            |       |     3 |     7 ||    10
       Potion            |       |     9 |       ||     9
 Stab: Sleeping          |     9 |     3 |     2 ||    14
       Distracted        |       |     1 |       ||     1
  Eat: Chunk             |     1 |     6 |       ||     7
       Bread ration      |       |       |     1 ||     1
Armor: Robe              |    21 |    35 |       ||    56
       Ring mail         |       |    22 |    65 ||    87
Dodge: Dodged            |    49 |   118 |   128 ||   295

Vault maps used:
D:1:      sevenhm_arrival_forest_fort_small_3, corexii_item_surrounded_by_moat,
          minmay_gold_behind_fungi
D:4:      kennysheep_generic_room_3
D:5:      first_bread, kennysheep_another_room, uniq_eustachio
D:6:      trog_hazing_becter
Temple:   grunt_wide_crystal_templ

Table legend:
 A = Turns spent in this place as a percentage of turns spent in the entire game.
 B = Non-inter-level travel turns spent in this place as a percentage of non-inter-level travel turns spent in the entire game.
 C = Inter-level travel turns spent in this place as a percentage of turns spent in this place.
 D = Turns resting spent in this place as a percentage of non-inter-level travel turns spent in this place.
 E = Turns spent auto-exploring this place as a percentage of non-inter-level travel turns spent in this place.
 F = Non-inter-level travel turns spent in this place divided by the number of levels of this place that you've seen.
                   A       B       C       D       E      F
               +-------+-------+-------+-------+-------+----------------------
         Total | 100.0 | 100.0 |   0.5 |   2.4 |   7.9 | 259.9
       Dungeon |  97.8 |  97.7 |   0.5 |   2.5 |   8.1 | 296.3
        Temple |   2.2 |   2.3 |   0.0 |   0.0 |   0.0 |  41.0
               +-------+-------+-------+-------+-------+----------------------

Table legend:
 A = Kills in this place as a percentage of kills in entire the game.
 B = Kills by you in this place as a percentage of kills by you in the entire game.
 C = Kills by friends in this place as a percentage of kills by friends in the entire game.
 D = Other kills in this place as a percentage of other kills in the entire game.
 E = Experience gained in this place as a percentage of experience gained in the entire game.
 F = Experience gained in this place divided by the number of levels of this place that you have seen.
                   A       B       C       D       E      F
               +-------+-------+-------+-------+-------+----------------------
         Total | 100.0 | 100.0 |  -nan | 100.0 | 100.0 | 418.4
       Dungeon | 100.0 | 100.0 |  -nan | 100.0 | 100.0 | 488.2
               +-------+-------+-------+-------+-------+----------------------
